Unix NetHack Version 3.7.0-66 Work-in-progress - last build Oct 24 2022 02:09:04 (0cf9ee0665dfd4e3628fd2b6ead320895a4d4695,branch:master). Game began 2022-10-26 20:43:01, ended 2022-10-27 17:39:35. aerth, neutral female human Monk --------- ..............| |.............| ---------------- ###..............| #...............| #0## |.............| |...............#########..............| |......@.......|# -------------.- |......@.......|# # ----.-----------# # ## # # # #### # # ## --------|-- ############### |..........# # #--.-+- |......(..|# -----# #...[.| |.........|#####|..^|# |....| |.........| #|....# |.<..| ----------- #|...| |....| #..j.| |..^.| ----- ------ Aerth the Student of Stones St:18 Dx:14 Co:18 In:10 Wi:10 Ch:9 Neutral Dlvl:14 $:928 HP:0(89) Pw:47(52) AC:4 Xp:10/6325 T:15782 Latest messages: The door opens. The priest of Shan Lai Ching intones: "Pilgrim, you enter a sacred place!" You have a forbidding feeling... A white unicorn suddenly appears close by! You kill the acid blob! A pair of buckled boots lands on the altar. 3 food rations land on the altar. A pear lands on the altar. A scroll of identify lands on the altar. A red spellbook lands on the altar. A wand of create monster lands on the altar. 4 green gems land on the altar. 4 white gems land on the altar. 4 yellow gems land on the altar. g - an uncursed pair of buckled boots. m - 3 uncursed food rations (6 in total). E - an uncursed pear. C - an uncursed scroll of identify. D - an uncursed red spellbook. d - an uncursed wand of create monster. v - 4 uncursed green gems. y - 4 uncursed white gems. w - 4 uncursed yellow gems. Pick an object. Your hands begin to glow red. The white unicorn misses! The white unicorn kicks! You hit the white unicorn! Your hands stop glowing red. The white unicorn butts! The white unicorn misses! You kill the white unicorn! You have much trouble lifting a white unicorn corpse. Continue? [ynq] (q) F - a white unicorn corpse. G - a unicorn horn. You stagger under your heavy load. Movement is very hard. What do you want to drop? [$a-eghkmnqs-yA-GKNP-RTUWYZ or ?*] A white unicorn corpse lands on the altar. Your movements are now unencumbered. # There is an uncursed white unicorn corpse here; sacrifice it? [ynq] (n) Such an action is an insult to law! The voice of Shan Lai Ching booms out: "Thou hast angered me." Suddenly, a bolt of lightning strikes you! It reflects from your medallion. Shan Lai Ching is not deterred... A wide-angle disintegration beam hits you! Your robe crumbles and turns to dust! You disintegrate into a pile of dust! Inventory: Coins ('$') $ - 928 gold pieces Amulets ('"') s - an uncursed amulet of reflection (being worn) Weapons (')') N - 11 blessed +0 shuriken Armor ('[') n - an uncursed +0 dwarvish iron helm (being worn) a - an uncursed +2 pair of leather gloves (being worn) g - an uncursed +0 pair of jumping boots c - an uncursed +0 pair of speed boots (being worn) Y - an uncursed +0 pair of water walking boots Comestibles ('%') T - an uncursed haggis m - 6 uncursed food rations E - an uncursed pear e - an uncursed lichen corpse U - an uncursed lizard corpse Scrolls ('?') C - an uncursed scroll of identify Spellbooks ('+') D - an uncursed spellbook of drain life Wands ('/') d - an uncursed wand of create monster (0:13) W - an uncursed wand of magic missile (0:2) u - an uncursed wand of secret door detection (0:11) K - an uncursed wand of undead turning (0:5) Tools ('(') b - a blessed bag of holding containing 88 items q - an uncursed bag of tricks (0:16) R - an uncursed tooled horn Q - a blessed oil lamp (lit) x - the blessed Platinum Yendorian Express Card k - an uncursed tin whistle B - an uncursed tin whistle Z - an uncursed tin whistle t - an uncursed towel h - an uncursed +0 unicorn horn G - an uncursed +0 unicorn horn Gems/Stones ('*') v - 4 uncursed worthless pieces of green glass y - 4 uncursed worthless pieces of white glass w - 4 uncursed worthless pieces of yellow glass P - an uncursed luckstone Contents of the bag of holding: 2419 gold pieces an uncursed amulet of reflection an uncursed -1 pair of gauntlets of fumbling a blessed +1 pair of fumble boots a cursed -1 pair of fumble boots 4 uncursed apples an uncursed cream pie 2 uncursed food rations 5 uncursed fortune cookies 5 uncursed oranges an uncursed sprig of wolfsbane 4 uncursed lichen corpses an uncursed lizard corpse an uncursed scroll of amnesia a cursed scroll of blank paper an uncursed scroll of confuse monster an uncursed scroll of create monster an uncursed scroll of destroy armor 2 uncursed scrolls of earth an uncursed scroll of enchant armor a cursed scroll of enchant armor an uncursed scroll of enchant weapon an uncursed scroll of genocide a blessed scroll of gold detection an uncursed scroll of punishment an uncursed scroll of scare monster an uncursed scroll of taming an uncursed scroll of teleportation an uncursed spellbook of cause fear an uncursed spellbook of cause fear a blessed spellbook of confuse monster an uncursed spellbook of detect food an uncursed spellbook of extra healing an uncursed spellbook of extra healing an uncursed spellbook of haste self an uncursed spellbook of knock an uncursed spellbook of light an uncursed spellbook of magic missile an uncursed spellbook of protection an uncursed spellbook of wizard lock an uncursed potion of blindness a cursed potion of blindness a blessed potion of booze a blessed potion of extra healing a cursed potion of extra healing a blessed potion of full healing an uncursed potion of gain ability a cursed potion of gain ability a cursed potion of gain energy an uncursed potion of gain level 2 blessed potions of healing a cursed potion of oil an uncursed potion of restore ability a blessed potion of sleeping an uncursed potion of sleeping 2 uncursed potions of speed 2 potions of holy water an uncursed potion of water an uncursed potion of water a cursed ring of aggravate monster an uncursed ring of conflict an uncursed ring of free action an uncursed ring of free action a cursed ring of hunger an uncursed ring of invisibility an uncursed ring of polymorph control an uncursed ring of searching an uncursed ring of sustain ability an uncursed ring of sustain ability an uncursed ring of warning an uncursed wand of cold (0:4) an uncursed wand of fire (0:7) an uncursed wand of light (0:14) an uncursed wand of light (0:13) an uncursed wand of magic missile (0:5) an uncursed wand of slow monster (0:4) an uncursed wand of speed monster (0:3) an uncursed magic marker (0:77) a blessed oil lamp an uncursed +0 pick-axe an uncursed dilithium crystal an uncursed worthless piece of black glass an uncursed worthless piece of blue glass an uncursed worthless piece of green glass 2 uncursed worthless pieces of orange glass an uncursed worthless piece of white glass 4 uncursed worthless pieces of yellow glass 3 uncursed worthless pieces of yellowish brown glass Aerth the Monk's attributes: Background: You were a Student of Stones, a level 10 female human Monk. You were neutral, on a mission for Chih Sung-tzu who was opposed by Shan Lai Ching (lawful) and Huan Ti (chaotic). You were in the Dungeons of Doom, on level 14. You entered the dungeon 15782 turns ago. There was a new moon in effect when your adventure ended. You had 6325 experience points, 3675 more were needed to attain level 11. Basics: You had 0 out of 89 hit points. You had 47 out of 52 energy points (spell power). Your armor class was 4. Your wallet contained 928 zorkmids, and you had 2419 more stashed away in your pack. Autopickup was on for '$?!"=/*', with exceptions. Final Characteristics: Your strength was 18 (limit:18/100). Your dexterity was 14 (limit:18). Your constitution was 18 (limit:18). Your intelligence was 10 (limit:18). Your wisdom was 10 (peak:12, limit:18). Your charisma was 9 (limit:18). Final Status: You were not hungry. You were unencumbered. You were empty handed. You had master skill with martial arts. Final Attributes: You were piously aligned. You were magic-protected. You were sleep resistant. You were poison resistant. You saw invisible. You were telepathic. You were warned. You had automatic searching. You were stealthy. You took half spell damage. You were very fast. You had reflection. You were lucky. You had extra luck. Bad luck did not time out for you. Good luck did not time out for you. You are dead. Miscellaneous: You disabled loading of bones levels. Total elapsed playing time was 2 hours, 52 minutes and 45 seconds. Major events: Turn 1: aerth the neutral female human Monk entered the dungeon 566: entered the Gnomish Mines 831: attained the rank of Novice (level 3) 3133: attained the rank of Initiate (level 6) 3479: reached Mine Town 5393: entered Sokoban 5861: completed 2nd Sokoban level 6133: completed 3rd Sokoban level 8171: made her first wish - "blessed master key of thievery", got "a key named the Master Key of Thievery" 8556: wished for "blessed fireproof platinum yendorian express card", got "a credit card named the Platinum Yendorian Express Card" 11916: completed 4th Sokoban level 11998: acquired the Sokoban amulet of reflection 14846: attained the rank of Student of Stones (level 10) 15782: killed by the wrath of Shan Lai Ching Vanquished creatures: 2 giant mimics 2 large mimics a wumpus a hill giant 8 small mimics 2 tengu an ochre jelly a mountain centaur 3 Grey-elves an amorous demon 2 chameleons 2 giant beetles 3 cockatrices 6 wolves a winter wolf cub 2 gremlins 5 leprechauns an iron piercer 2 giant spiders 2 scorpions an ice vortex 3 vampire bats an orc mummy a dwarf mummy 4 ogres an owlbear 2 gold golems a Green-elf 3 lizards a dingo a jaguar 3 dwarf leaders 3 white unicorns a snake 2 apes a human zombie a rope golem 2 soldier ants 7 fire ants a quasit 2 wood nymphs 4 mountain nymphs 4 Mordor orcs 15 Uruk-hai an orc shaman 3 rock piercers 2 rock moles a yellow light 2 violet fungi 8 gnome leaders a gnomish wizard 2 kobold mummies a red naga hatchling 2 gray oozes 2 elf zombies a straw golem 11 giant ants a floating eye 10 dwarves 4 homunculi a kobold shaman 4 hill orcs 9 rothes a rabid rat a centipede 3 giant bats 5 orc zombies a dwarf zombie a wererat 4 iguanas 2 killer bees 3 acid blobs 8 coyotes a gas spore 4 hobbits 6 manes a large kobold 5 giant rats 2 cave spiders 4 brown molds 3 yellow molds 2 green molds 2 red molds 30 gnomes 2 garter snakes 5 geckos 10 jackals 2 kobolds 3 goblins a sewer rat 4 grid bugs a bat 7 lichens 5 kobold zombies 12 newts 320 creatures vanquished. No species were genocided or became extinct. Voluntary challenges: You read items or engraved 16 times. You engraved Elbereth 6 times. You never genocided any monsters. You never polymorphed an object. You never changed form. You used 2 wishes (both for artifacts). You did not violate any of the special Sokoban rules. Achievements: You entered the Gnomish Mines. You attained the rank of Novice. You entered a shop. You attained the rank of Initiate. You entered Minetown. You entered a temple. You entered Sokoban. You completed Sokoban. You attained the rank of Student of Stones. The Dungeons of Doom: levels 1 to 14 Level 1: Level 2: An altar. Stairs down to The Gnomish Mines. Level 3: A general store, an altar to Chih Sung-tzu. Level 4: "vault" A sink. Level 5: Some shops. Level 6: Many fountains. Oracle of Delphi. Level 7: "vault" A general store, a fountain. Stairs up to Sokoban, level 6. Level 8: A general store. Level 9: Level 10: A sink. Level 11: Level 12: A jewelers. Level 13: A fountain. Summoned by the Grand Master. Portal to The Quest. Level 14: <- You were here. A temple. Final resting place for you, killed by the wrath of Shan Lai Ching. The Gnomish Mines: levels 3 to 6 Level 3: Level 4: Level 5: Level 6: Many shops, a temple, some fountains, some trees. The Quest: Level 1: Many trees. Home. Sokoban: levels 6 up to 3 Level 3: Solved. Level 4: Solved. Level 5: Solved. Level 6: Unsolved. Game over: ---------- / \ / REST \ / IN \ / PEACE \ / \ | aerth | | 3347 Au | | killed by the | | wrath of Shan | | Lai Ching | | | | 2022 | *| * * * | * _________)/\\_//(\/(/\)/\//\/|_)_______ Goodbye aerth the Monk... You died in The Dungeons of Doom on dungeon level 14 with 29003 points, and 3347 pieces of gold, after 15782 moves. You were level 10 with a maximum of 89 hit points when you died.